 Dungeon Crawl Stone Soup version 0.19-a0-188-ga21aea4 (console) character file.

98 Duffy the Slasher (level 4, -2/37 HPs)
             Began as a Minotaur Skald on May 23, 2016.
             Slain by a river rat (5 damage)
             ... in a sewer.
             The game lasted 00:04:51 (2210 turns).

Duffy the Slasher (Minotaur Skald)                  Turns: 2210, Time: 00:04:51

Health: -2/37      AC:  9    Str: 17    XL:     4   Next: 43%
Magic:  5/5        EV:  9    Int: 10    God:
Gold:   223        SH:  0    Dex:  9    Spells: 1 memorised, 4 levels left

rFire  . . .     SeeInvis .     a - +0 falchion
rCold  . . .     Gourm    .     i - +0 scale mail
rNeg   . . .     Faith    .     (no shield)
rPois  .         Spirit   .     (helmet restricted)
rElec  .         Dismiss  .     (no cloak)
rCorr  .         Reflect  .     (no gloves)
SustAt .         Harm     .     h - +2 pair of boots
MR     +....                    o - amulet of inaccuracy (curse)
Stlth  ..........               (no ring)
                                g - ring of protection from magic

@: somewhat resistant to hostile enchantments, extremely unstealthy
A: retaliatory headbutt, horns 2
a: no special abilities


You were in a sewer.
You were not hungry.

You visited 1 branch of the dungeon, and saw 3 of its levels.
You also visited: Sewer.

You collected 223 gold pieces.


Innate Abilities, Weirdness & Mutations

You reflexively headbutt those who attack you in melee.
You have a pair of horns on your head.


   Skills:
 - Level 2.4 Fighting
 + Level 5.7 Long Blades
 - Level 1.2 Armour
 - Level 1.1 Dodging
 - Level 1.3 Spellcasting
 - Level 2.0 Charms


You had 4 spell levels left.
You knew the following spells:

 Your Spells              Type           Power        Failure   Level  Hunger
a - Infusion              Chrm           #...         61%         1    ##.....

Inventory:

Hand Weapons
 a - a +0 falchion (weapon)
 n - a +0 blowgun
Missiles
 q - 5 poisoned needles
Armour
 h - a +2 pair of boots (worn)
 i - a +0 scale mail (worn)
Jewellery
 b - an uncursed ring of see invisible {unknown}
 g - a ring of protection from magic (left hand)
 k - an uncursed amulet of dismissal
 o - a cursed amulet of inaccuracy (around neck)
Scrolls
 e - a scroll of enchant armour
 l - a scroll of recharging
Potions
 j - a potion of ambrosia
 p - a potion of might
 r - a potion of agility {unknown}
 s - a potion of curing {unknown}
Books
 c - a book of Battle
Comestibles
 d - 2 bread rations
 f - 2 meat rations
 m - a chunk of flesh

Dungeon Overview and Level Annotations

Branches:
Dungeon (3/15)

Altars:


Message History

You closely miss the river rat. The river rat barely misses you.
You furiously retaliate!
You headbutt the river rat. You closely miss the river rat.
The river rat is lightly wounded.
The river rat bites you.
You miss the river rat. Your headbutt misses the river rat.
The river rat is lightly wounded.
The river rat bites you but does no damage.
You hit the river rat.
The river rat is severely wounded.
The river rat bites you!
You closely miss the river rat.
The river rat is severely wounded.
The river rat bites you.
You hit the river rat but do no damage.
The river rat is severely wounded.
The river rat bites you.
You miss the river rat.
The river rat is severely wounded.
The river rat bites you.
You barely miss the river rat.
You headbutt the river rat, but do no damage.
The river rat is severely wounded.
The river rat barely misses you.
You hit the river rat but do no damage.
The river rat is severely wounded.
The river rat bites you.
You closely miss the river rat.
The river rat is severely wounded.
The river rat bites you.
You closely miss the river rat. You headbutt the river rat.
You kill the river rat!
You completely miss the river rat.
The river rat bites you but does no damage.
You hit the river rat.
The river rat is heavily wounded.
The river rat bites you.
You barely miss the river rat.
The river rat is moderately wounded.
The river rat bites you but does no damage.
You hit the river rat but do no damage.
The river rat is moderately wounded.
The river rat bites you but does no damage.
You barely miss the river rat.
The river rat is moderately wounded.
The river rat bites you but does no damage.
You miss the river rat.
The river rat is moderately wounded.
The river rat bites you.
You die...

#......~~~~~
#......~~~~~
##....~~~~~.
##.......~~.
##.......~~~~
##.........~~.
#r.#......~~~.
#r###.....~~~.
#@# #r....~~~~
####.......~~~
#.r....~~~.
r.....~~~~.
#..r....~~~~
.......~~~~~
#.......~~~~
#.....~.~~~~


You could see a river rat and a rat.

Action                   |  1- 3 |  4- 6 || total
-------------------------+-------+-------++-------
Melee: Falchion          |   144 |    66 ||   210
       Headbutt          |    13 |     9 ||    22
  Use: Scroll            |     7 |       ||     7
  Eat: Chunk             |     3 |       ||     3
       Royal jelly       |     1 |       ||     1
Armor: Leather armour    |    18 |       ||    18
       Scale mail        |    55 |    29 ||    84
Dodge: Dodged            |    77 |    23 ||   100

Notes
Turn   | Place    | Note
--------------------------------------------------------------
     0 | D:1      | Duffy the Minotaur Skald began the quest for the Orb.
     0 | D:1      | Reached XP level 1. HP: 18/18 MP: 1/1
    58 | D:1      | Reached skill level 3 in Long Blades
    86 | D:1      | Reached XP level 2. HP: 25/25 MP: 3/3
   514 | D:1      | Reached skill level 4 in Long Blades
   833 | D:1      | Reached XP level 3. HP: 30/30 MP: 4/4
  1788 | D:3      | Reached skill level 5 in Long Blades
  2002 | D:3      | Reached XP level 4. HP: 37/37 MP: 5/5
  2040 | D:3      | Found a glowing drain.
  2045 | Sewer    | Entered a sewer
  2210 | Sewer    | Slain by a river rat

Skill      XL: |  1  2  3 |
---------------+----------+-----
Long Blades    | 3 4 5 |  5.7
Fighting       | |  2.4
Armour         | |  1.2
Dodging        | |  1.1
Spellcasting   | |  1.3
Charms         | |  2.0

Vault maps used:
D:1:      dpeg_arrival_more_subterranean_lakeside_camping
D:2:      minmay_distorted
D:3:      amethyst_overflow_temple_binary, portal_sewer_entry_e,
          due_unseen_surprise, uniq_iyjb, uniq_grinder, uniq_sigmund
Sewer:    sewer_minmay_treatment

Vanquished Creatures
  An adder
  2 river rats
  3 dart slugs
  A worm
  2 giant geckos
  2 ball pythons
  9 bats
  6 giant cockroaches
  6 goblins
  3 hobgoblins
  6 giant newts
  9 kobolds
  16 rats
66 creatures vanquished.
